[Event "ICC tourney 2772 (25 5)"]
[Site "Internet Chess Club"]
[Date "2021.12.19"]
[Round "6"]
[White "Bhowmick, Ishaan:ishu13"]
[Black "MUNTYANU, ARSENLY:Arsenmunt"]
[Result "1-0"]
[ICCResult "Black checkmated"]
[WhiteElo "703"]
[BlackElo "532"]
[Opening "Queen's pawn, Mason variation"]
[ECO "D00"]
[NIC "QP.08"]
[Time "18:31:26"]
[PlyCount "133"]
[TimeControl "1500+5"]

1. d4 d5 2. Bf4 Nc6 3. Nf3 Bg4 4. e3 Nf6 5. h3 Bh5 6. Nc3 e6 7. Be2 Bb4 8.
a3 Bxc3+ 9. bxc3 O-O 10. O-O Ne4 11. Qd3 a5 12. a4 Ne7 13. Ra3 Ng6 14. Bh2
c6 15. Bg3 Nxg3 16. fxg3 Bxf3 17. Bxf3 Qd6 18. Rb3 Qxg3 19. Rxb7 Nh4 20. Qe2
Nxf3+ 21. Qxf3 Qxf3 22. Rxf3 f6 23. Rf1 Rf7 24. Rxf7 Kxf7 25. Rb1 Ra7 26.
Rb6 Rc7 27. Ra6 c5 28. Rxa5 cxd4 29. cxd4 Rxc2 30. Ra7+ Kg6 31. Re7 Ra2 32.
Rxe6 Rxa4 33. Rd6 Ra3 34. Kf2 Ra5 35. Kf3 Kf5 36. g4+ Kg5 37. Kg3 h5 38. h4+
Kg6 39. Kf4 hxg4 40. Kxg4 Kf7 41. Kf5 Ra3 42. Rxd5 Rxe3 43. Rd7+ Re7 44.
Rxe7+ Kxe7 45. h5 Kf7 46. d5 Ke7 47. Kg6 Kd6 48. Kxg7 f5 49. h6 f4 50. h7 f3
51. h8=Q f2 52. Qf8+ Kxd5 53. Qxf2 Ke4 54. Kf6 Kd5 55. Qe3 Kc4 56. Qe5 Kd3
57. Kf5 Kd2 58. Qe4 Kc3 59. Kf4 Kb3 60. Ke3 Kc3 61. Qd4+ Kb3 62. Kd3 Ka3 63.
Qc4 Kb2 64. Qc3+ Ka2 65. Qb4 Ka1 66. Kc2 Ka2 67. Qb2# {Black checkmated} 1-0

[Event "ICC tourney 2772 (25 5)"]
[Site "Internet Chess Club"]
[Date "2021.12.19"]
[Round "6"]
[White "WANG, WYTHE:megaespeon"]
[Black "FROOM, JARED MICHAEL:littleprince428"]
[Result "0-1"]
[ICCResult "White checkmated"]
[WhiteElo "436"]
[BlackElo "617"]
[Opening "Queen's pawn: London system"]
[ECO "A45"]
[NIC "QP.07"]
[Time "18:32:14"]
[PlyCount "68"]
[TimeControl "1500+5"]

1. d4 Nf6 2. Bf4 e6 3. e3 Bb4+ 4. c3 Bd6 5. Bxd6 cxd6 6. Bd3 Nc6 7. Nf3 d5
8. Nbd2 O-O 9. O-O d6 10. Re1 e5 11. h3 h6 12. Qb3 Qb6 13. Qxb6 axb6 14.
Rac1 Rxa2 15. Nb1 e4 16. Na3 exd3 17. Red1 Rxb2 18. Rb1 Ra2 19. Rb3 Re8 20.
Nd2 Na5 21. Ndb1 Nxb3 22. Rc1 Nxc1 23. Nb5 Ra1 24. Nxd6 Rd8 25. Nxc8 Rxc8
26. Nd2 Nb3+ 27. Kh2 Nxd2 28. f3 Nh5 29. c4 dxc4 30. d5 c3 31. d6 c2 32. d7
Rd8 33. e4 c1=Q 34. e5 Qg1# {White checkmated} 0-1

[Event "ICC tourney 2772 (25 5)"]
[Site "Internet Chess Club"]
[Date "2021.12.19"]
[Round "6"]
[White "PALAMARTHY, SHREYA:ShreyaP"]
[Black "WU, TERRAIN:Brainstormer"]
[Result "0-1"]
[ICCResult "White checkmated"]
[WhiteElo "741"]
[BlackElo "902"]
[Opening "Giuoco Pianissimo"]
[ECO "C50"]
[NIC "IG.02"]
[Time "18:31:20"]
[PlyCount "128"]
[TimeControl "1500+5"]

1. e4 e5 2. Nf3 Nc6 3. Bc4 Bc5 4. d3 h6 5. O-O Nf6 6. Re1 O-O 7. h3 d6 8. c3
Be6 9. Bb3 Ne7 10. d4 exd4 11. cxd4 Bb4 12. Bd2 Bxd2 13. Qxd2 Ng6 14. Nc3
Nh5 15. Bxe6 fxe6 16. d5 e5 17. Rac1 Ngf4 18. Ne2 Rc8 19. Qe3 b6 20. Qa3 a5
21. Nxf4 Nxf4 22. Rc3 Qf6 23. Kh2 Qg6 24. g3 Nh5 25. Rf1 Nf6 26. Nd2 Nxe4
27. Nxe4 Qxe4 28. Rd3 Qe2 29. Rdd1 Rxf2+ 30. Rxf2 Qxf2+ 31. Kh1 Rf8 32. Qd3
Rf3 33. Qd2 Qxg3 34. Qg2 Qxh3+ 35. Qxh3 Rxh3+ 36. Kg2 Rh5 37. Rc1 Rg5+ 38.
Kf3 Rf5+ 39. Ke4 Rf7 40. Rd1 g5 41. a3 g4 42. b4 axb4 43. axb4 Rf4+ 44. Ke3
Rxb4 45. Rc1 Rb3+ 46. Ke4 g3 47. Rxc7 g2 48. Rc8+ Kf7 49. Rc7+ Kf6 50. Rc1
Rg3 51. Rg1 h5 52. Rxg2 Rxg2 53. Kf3 Rg8 54. Ke4 h4 55. Kf3 h3 56. Ke4 h2
57. Kd3 h1=Q 58. Kc4 Qe4+ 59. Kb5 Qxd5+ 60. Kxb6 Qc5+ 61. Ka6 Ra8+ 62. Kb7
Ra7+ 63. Kb8 Qb6+ 64. Kc8 Qc7# {White checkmated} 0-1

[Event "ICC tourney 2772 (25 5)"]
[Site "Internet Chess Club"]
[Date "2021.12.19"]
[Round "6"]
[White "MAZUR, HUDSON:hmnyc"]
[Black "PRAKASAN, NEDAS:Nedas15"]
[Result "0-1"]
[ICCResult "White checkmated"]
[WhiteElo "752"]
[BlackElo "304"]
[Opening "Giuoco Piano"]
[ECO "C54"]
[NIC "IG.02"]
[Time "18:31:21"]
[PlyCount "88"]
[TimeControl "1500+5"]

1. e4 e5 2. Nf3 Nc6 3. Bc4 Bc5 4. c3 Nf6 5. d4 exd4 6. cxd4 Bb4+ 7. Nc3 Nxe4
8. O-O Bxc3 9. bxc3 d5 10. Bd3 O-O 11. Qc2 Re8 12. Re1 Bf5 13. c4 Nb4 14.
Qb3 Nxd3 15. Qxd3 Nd6 16. Rxe8+ Qxe8 17. Qc3 dxc4 18. Bf4 Qc6 19. Bxd6 Qxd6
20. Re1 Qa6 21. Qe3 Bd7 22. Ne5 Be6 23. h3 Qxa2 24. Nf3 Qa5 25. Rd1 h6 26.
Rc1 Qd5 27. Nd2 b5 28. f3 Rd8 29. Kf2 c5 30. Rd1 cxd4 31. Qe2 b4 32. Rb1 d3
33. Qe1 c3 34. Ne4 Qd4+ 35. Kf1 Bc4 36. Nd2 cxd2 37. Qxd2 Re8 38. Rxb4 g5
39. g3 Qa1+ 40. Kf2 Re2+ 41. Qxe2 dxe2 42. Rxc4 e1=Q+ 43. Kg2 Qb2+ 44. Rc2
Qxc2# {White checkmated} 0-1

[Event "ICC tourney 2772 (25 5)"]
[Site "Internet Chess Club"]
[Date "2021.12.19"]
[Round "6"]
[White "SPANTZEL, HEIDI:Unblinking"]
[Black "TUDORACHE, CRISTIAN DUMITRU:K03-17327536"]
[Result "0-1"]
[ICCResult "White checkmated"]
[WhiteElo "281"]
[BlackElo "997"]
[Opening "Robatsch (modern) defense"]
[ECO "B06"]
[NIC "KF.05"]
[Time "18:31:25"]
[PlyCount "116"]
[TimeControl "1500+5"]

1. e4 g6 2. d4 Bg7 3. Nf3 d6 4. Bc4 Nf6 5. Nc3 Nc6 6. Ng5 O-O 7. Nxf7 Rxf7
8. Bxf7+ Kxf7 9. Qf3 Bg4 10. Qg3 Nxd4 11. Qd3 Nc6 12. Qb5 Rb8 13. Qc4+ Be6
14. Nd5 Bxd5 15. exd5 Ne5 16. Qd4 b6 17. Bf4 Nfd7 18. Bxe5 Nxe5 19. Qf4+ Kg8
20. O-O Qf8 21. Qxf8+ Rxf8 22. Rad1 a5 23. Rfe1 h5 24. g3 Nf3+ 25. Kg2 Nxe1+
26. Rxe1 Re8 27. c3 b5 28. Re4 Kh7 29. a4 bxa4 30. Rxa4 Ra8 31. Ra3 a4 32.
b3 Bh6 33. Rxa4 Rxa4 34. bxa4 Bd2 35. a5 Bxc3 36. a6 Bd4 37. Kf3 Kg7 38. Ke4
Bxf2 39. Kd3 Bb6 40. Kc4 Kf6 41. h3 e6 42. dxe6 Kxe6 43. g4 hxg4 44. hxg4
Ke5 45. Kb5 d5 46. Kc6 d4 47. g5 d3 48. Kb7 d2 49. a7 Bxa7 50. Kxa7 d1=Q 51.
Kb7 Qd5+ 52. Kxc7 Qd6+ 53. Kb7 Qc5 54. Kb8 Qc6 55. Ka7 Qb5 56. Ka8 Kd6 57.
Ka7 Kc7 58. Ka8 Qb8# {White checkmated} 0-1

[Event "ICC tourney 2772 (25 5)"]
[Site "Internet Chess Club"]
[Date "2021.12.19"]
[Round "6"]
[White "KUCHIBHATLA, ARNAV:ArnavTheGreat"]
[Black "Xu, Kevin:kevin66666666"]
[Result "1-0"]
[ICCResult "Black checkmated"]
[WhiteElo "866"]
[BlackElo "565"]
[Opening "Four knights: Italian variation"]
[ECO "C55"]
[NIC "IG.01"]
[Time "18:31:27"]
[PlyCount "131"]
[TimeControl "1500+5"]

1. e4 e5 2. Nf3 Nc6 3. Bc4 Nf6 4. Nc3 Bb4 5. a3 Ba5 6. b4 Bb6 7. d3 O-O 8.
O-O d6 9. Bg5 h6 10. Bxf6 Qxf6 11. Nd5 Qg6 12. Nh4 Qg5 13. Nf3 Qh5 14. Nxb6
axb6 15. c3 Bg4 16. b5 Ne7 17. h3 Bxf3 18. Qxf3 Qxf3 19. gxf3 Ng6 20. Bd5
Rab8 21. Rfd1 Nh4 22. Kh2 Nxf3+ 23. Kg3 Ng5 24. d4 exd4 25. cxd4 Rfe8 26. f3
Ne6 27. f4 g6 28. h4 Ng7 29. Kg4 h5+ 30. Kg5 Rec8 31. Rdc1 Ne6+ 32. Bxe6
fxe6 33. Kxg6 Ra8 34. Kxh5 Kf7 35. Kg4 Rg8+ 36. Kf3 Rac8 37. Rg1 Rxg1 38.
Rxg1 Rh8 39. Rh1 Kg6 40. Kg4 c5 41. bxc6 bxc6 42. f5+ exf5+ 43. exf5+ Kf6
44. h5 Rg8+ 45. Kf4 Rh8 46. h6 d5 47. h7 Kg7 48. Kg5 Rxh7 49. Rxh7+ Kxh7 50.
Kf6 Kg8 51. Ke7 c5 52. dxc5 bxc5 53. f6 d4 54. f7+ Kg7 55. f8=Q+ Kg6 56.
Qf6+ Kh5 57. Qd6 Kg4 58. Qxc5 Kf3 59. Qxd4 Ke2 60. a4 Kf3 61. a5 Ke2 62. a6
Kf3 63. a7 Ke2 64. a8=Q Kf1 65. Qf3+ Ke1 66. Qde3# {Black checkmated} 1-0

[Event "ICC tourney 2772 (25 5)"]
[Site "Internet Chess Club"]
[Date "2021.12.19"]
[Round "6"]
[White "ALKIN, IDO:alkini"]
[Black "WONG, ZOE:MYMChessZoe"]
[Result "1-0"]
[ICCResult "Black checkmated"]
[WhiteElo "989"]
[BlackElo "693"]
[Opening "Ruy Lopez: classical (Cordel) defense"]
[ECO "C64"]
[NIC "RL.01"]
[Time "18:31:24"]
[PlyCount "103"]
[TimeControl "1500+5"]

1. e4 e5 2. Nf3 Nc6 3. Bb5 Bc5 4. Bxc6 dxc6 5. Nc3 Nf6 6. Nxe5 Qd4 7. Nd3
Nxe4 8. Qe2 O-O 9. Qxe4 Re8 10. Qxe8+ Bf8 11. O-O Qf6 12. b3 Qg6 13. Ba3 Bh3
14. Qe4 Qxe4 15. Nxe4 Bf5 16. Bxf8 Bxe4 17. Ba3 Bxd3 18. cxd3 Rd8 19. Rae1
h6 20. Re3 a6 21. Rfe1 Kh7 22. Re7 Kg6 23. Rxc7 Rxd3 24. Rxb7 Rxd2 25. Kf1
Rxa2 26. Bf8 Rb2 27. Ree7 Rb1+ 28. Ke2 Rb2+ 29. Kf3 Rd2 30. Rxf7 Rd3+ 31.
Ke4 Rd2 32. Rxg7+ Kh5 33. Rh7 Rxf2 34. Rxh6+ Kg5 35. Rg7+ Kxh6 36. Rf7+ Kg5
37. Rxf2 a5 38. Be7+ Kg6 39. Rf6+ Kg7 40. Rxc6 Kf7 41. Ra6 Kxe7 42. Ke5 a4
43. Ra7+ Kf8 44. Kf6 Ke8 45. bxa4 Kd8 46. Ke6 Kc8 47. Kd6 Kb8 48. Rh7 Kc8
49. Rg7 Kb8 50. Kc6 Ka8 51. Kb6 Kb8 52. Rg8# {Black checkmated} 1-0

[Event "ICC tourney 2772 (25 5)"]
[Site "Internet Chess Club"]
[Date "2021.12.19"]
[Round "6"]
[White "YAN, RAYNA:K01-30157975"]
[Black "Gomorev, Tim:timmygm"]
[Result "0-1"]
[ICCResult "White resigns"]
[WhiteElo "964"]
[BlackElo "801"]
[Opening "Sicilian: dragon, Yugoslav attack, 10.O-O-O"]
[ECO "B78"]
[NIC "SI.18"]
[Time "18:31:24"]
[PlyCount "118"]
[TimeControl "1500+5"]

1. e4 c5 2. Nf3 d6 3. d4 cxd4 4. Nxd4 Nf6 5. Nc3 g6 6. Be3 Bg7 7. f3 O-O 8.
Qd2 Nc6 9. Bc4 Bd7 10. O-O-O a6 11. h4 b5 12. Bb3 b4 13. Nce2 a5 14. h5 Nxh5
15. Rxh5 gxh5 16. Bh6 Ne5 17. Bxg7 Kxg7 18. Qg5+ Ng6 19. Nf4 h6 20. Nxh5+
Kh7 21. Qg3 Rg8 22. Bxf7 Ne5 23. Bxg8+ Qxg8 24. Qxg8+ Rxg8 25. Nf4 Nc4 26.
Re1 e5 27. Nd5 Rg6 28. Nb3 Kg7 29. g4 a4 30. Nd2 Nxd2 31. Kxd2 Be6 32. Nxb4
Rf6 33. b3 axb3 34. cxb3 Rxf3 35. Re3 Rf4 36. Nd3 Rxg4 37. Nf2 Rg2 38. Ke2
h5 39. a4 h4 40. Kf1 Rg3 41. Rxg3+ hxg3 42. Nh1 Bxb3 43. Nxg3 Bxa4 44. Nf5+
Kf6 45. Nxd6 Kg5 46. Ke2 Kf4 47. Kd3 Bc6 48. Nc4 Bb5 49. Kc3 Bxc4 50. Kxc4
Kxe4 51. Kc3 Ke3 52. Kc2 Ke2 53. Kc3 e4 54. Kc2 e3 55. Kc3 Kf2 56. Kd3 e2
57. Kd2 e1=Q+ 58. Kd3 Qe3+ 59. Kc4 Kf3 {White resigns} 0-1

[Event "ICC tourney 2772 (25 5)"]
[Site "Internet Chess Club"]
[Date "2021.12.19"]
[Round "6"]
[White "WONG OKYERE, DARWIN  CAIUS:spicycanvas"]
[Black "VIJEYANANDH, VISHNU:vishnuvijey"]
[Result "0-1"]
[ICCResult "White checkmated"]
[WhiteElo "836"]
[BlackElo "393"]
[Opening "Queen's pawn: Chigorin variation"]
[ECO "D00"]
[NIC "QP.08"]
[Time "18:31:21"]
[PlyCount "146"]
[TimeControl "1500+5"]

1. d4 d5 2. Nc3 Nf6 3. Nf3 Nc6 4. Bf4 Bf5 5. e3 a6 6. Bd3 Bg6 7. O-O e6 8.
Ne5 Nxe5 9. Bxe5 Bb4 10. a3 Bxc3 11. bxc3 O-O 12. Bxg6 fxg6 13. Rb1 b5 14.
a4 c6 15. axb5 axb5 16. Qe2 Qe7 17. Ra1 Ne4 18. f3 Nxc3 19. Qe1 Na4 20. f4
Nb6 21. Rf3 Nc4 22. Rxa8 Rxa8 23. Qg3 Nxe5 24. fxe5 Rf8 25. h3 Rxf3 26. Qxf3
Qf7 27. Qg3 Qf5 28. Qh4 g5 29. Qh5 g6 30. Qh6 Qxc2 31. Qxg5 Qb1+ 32. Kh2 Qf5
33. Qd8+ Qf8 34. Qc7 Qe8 35. Qd6 Kf7 36. Qc7+ Kg8 37. Qd6 Kf7 38. Qc7+ Kg8
39. g4 g5 40. Kg3 h6 41. h4 gxh4+ 42. Kxh4 Kf8 43. Qh7 Qe7+ 44. Qxe7+ Kxe7
45. Kh5 b4 46. Kxh6 b3 47. g5 Kf8 48. g6 b2 49. g7+ Kg8 50. Kg6 b1=Q+ 51.
Kf6 Qf5+ 52. Ke7 Qe4 53. Kxe6 Qxe3 54. Kd6 Qxd4 55. Kxc6 Qxe5 56. Kc5 Qxg7
57. Kxd5 Qe7 58. Kd4 Qe6 59. Kd3 Qe5 60. Kc4 Qd6 61. Kc3 Qd5 62. Kb4 Qc6 63.
Kb3 Qc5 64. Kb2 Qc4 65. Kb1 Qc3 66. Ka2 Qb4 67. Ka1 Kg7 68. Ka2 Kf6 69. Ka1
Ke5 70. Ka2 Kd4 71. Ka1 Kc3 72. Ka2 Kc2 73. Ka1 Qb2# {White checkmated} 0-1

[Event "ICC tourney 2772 (25 5)"]
[Site "Internet Chess Club"]
[Date "2021.12.19"]
[Round "6"]
[White "CHEN, WINSTON:wcsja"]
[Black "KUCHIBHATLA, NITYA:NityaForever"]
[Result "0-1"]
[ICCResult "White checkmated"]
[WhiteElo "864"]
[BlackElo "554"]
[Opening "Giuoco Piano"]
[ECO "C53"]
[NIC "IG.02"]
[Time "18:32:14"]
[PlyCount "162"]
[TimeControl "1500+5"]

1. e4 e5 2. Nf3 Nc6 3. Bc4 Bc5 4. c3 d6 5. d3 Be6 6. Bxe6 fxe6 7. Ng5 Qe7 8.
O-O O-O-O 9. b4 h6 10. Nxe6 Qxe6 11. bxc5 dxc5 12. Be3 c4 13. d4 exd4 14.
cxd4 Qxe4 15. Nc3 Qg6 16. d5 Nf6 17. Qa4 Nxd5 18. Nxd5 Rxd5 19. Qxc4 Rd6 20.
Rac1 Qd3 21. Qc5 Rd5 22. Qc2 Qxc2 23. Rxc2 Rhd8 24. h3 Rd1 25. Rxd1 Rxd1+
26. Kh2 Kd7 27. g4 a6 28. f4 Nd4 29. Bxd4 Rxd4 30. f5 b5 31. Kg3 Rd3+ 32.
Kh4 g5+ 33. Kh5 Rxh3+ 34. Kg6 Rd3 35. f6 Rd6 36. Kg7 Kc8 37. f7 Rd7 38. Re2
c5 39. Re8+ Kb7 40. Kg8 Rxf7 41. Kxf7 c4 42. Re7+ Kb6 43. Re3 b4 44. Re6+
Kb5 45. Re2 b3 46. Rb2 Kb4 47. axb3 cxb3 48. Kg6 a5 49. Kxh6 a4 50. Kxg5 a3
51. Rb1 a2 52. Ra1 Ka3 53. Kf6 b2 54. Rxa2+ Kxa2 55. g5 b1=Q 56. g6 Qb6+ 57.
Kg7 Kb3 58. Kh7 Qc7+ 59. g7 Kc4 60. Kh8 Qh2+ 61. Kg8 Kd5 62. Kf7 Qh7 63. Kf8
Qf5+ 64. Ke8 Qg6+ 65. Kf8 Qf6+ 66. Kg8 Ke6 67. Kh7 Qf7 68. Kh6 Qf6+ 69. Kh7
Qf7 70. Kh6 Qg8 71. Kg6 Ke7 72. Kh6 Kf7 73. Kg5 Qxg7+ 74. Kh5 Qg6+ 75. Kh4
Kf6 76. Kh3 Qg5 77. Kh2 Qg4 78. Kh1 Kf5 79. Kh2 Kf4 80. Kh1 Kf3 81. Kh2 Qg2#
{White checkmated}
0-1